 Dungeon Crawl Stone Soup version 0.31-a0-365-gcf821cafb2 (webtiles) character file.

Game seed: 12172552495774448658

8034 Jackthecabe the Nimble (level 11, -3/90 HPs)
             Began as a Merfolk Shapeshifter on July 27, 2023.
             Was a High Priest of Ashenzari.
             Slain by a catoblepas (24 damage)
             ... on level 8 of the Dungeon.
             The game lasted 00:29:30 (8441 turns).

Jackthecabe the Nimble (Merfolk Shapeshifter)       Turns: 8441, Time: 00:29:31

Health: -3/90      AC:  8    Str: 26    XL:     11   Next: 24%
Magic:  11/11      EV: 16    Int: 10    God:    Ashenzari [*****.]
Gold:   453        SH:  0    Dex: 14    Spells: 6/10 levels left

rFire   . .          .
                       - Unarmed
rCold   . . .        (no shield)
rNeg    + . .        t - +1 robe of Ashenzari's Prison {rN+ Int+2, Elem, Fort} (curse)
rPois   .            P - melded +0 hat "Gnostic Incredulity" {Self, Melee} (curse)
rElec   .            v - melded +0 cloak of the Cursed God {Comp, Elem} (curse)
rCorr   .            U - melded +0 pair of gloves of Supernal Understanding {Will+, Bglg, Melee} (curse)
SInv    +            N - melded +0 pair of boots of the Shattered Ennui {Bglg, Dev} (curse)
Will    .....        w - amulet "Shattered Together" {Regen+, Melee, Dev} (curse)
Stlth   ++           T - ring "Irritation of Ashenzari" {AC+4, Alch, Elem} (curse)
HPRegen 1.15/turn    S - ring of the Unyielding Gaze {Str+6, Self, Fort} (curse)
MPRegen 0.12/turn

%: clarity
@: beast-form, studying Air Magic
A: beast (slay +7), (nimble swimmer 2), mertail
a: Begin Untransformation, Renounce Religion, Curse Item, Shatter the Chains


You were on level 8 of the Dungeon.
You worshipped Ashenzari.
Ashenzari was extremely pleased with you.
You were a hulking beast.
You visited 1 branch of the dungeon, and saw 9 of its levels.
You also visited: Ossuary.

You collected 495 gold pieces.
You spent 42 gold pieces at shops.


Innate Abilities, Weirdness & Mutations

You are a hulking beast.
Your limbs bulge with bestial killing power. (Slay +7)
((You are very nimble when in or above water. (Stealth+, EV+, Speed+++)))
Your lower body shifts to a powerful aquatic tail in water.


   Skills:
 - Level 7.8(10.0) Fighting
 - Level 2.0 Throwing
 - Level 8.3(11.5) Armour
 - Level 9.1 Dodging
 - Level 3.0 Stealth
 - Level 6.0(8.1) Unarmed Combat
 + Level 0.2 Translocations
 - Level 3.0(4.8) Evocations
 - Level 7.9(10.1) Shapeshifting


You had 6 spell levels left.
You knew the following spells:

 Your Spells              Type           Power      Damage    Failure   Level
u - Passage of Golubria   Tloc           0%         N/A       97%         4

Your spell library contained the following spells:

 Spells                   Type           Power      Damage    Failure   Level
 Magic Dart               Conj           0%         1d3       36%         1
 Static Discharge         Conj/Air       0%         2-2/arc   45%         2
 Call Imp                 Summ           0%         N/A       50%         2
 Mephitic Cloud           Conj/Pois/Air  0%         N/A       71%         3
 Tukima's Dance           Hex            0%         N/A       75%         3
 Airstrike                Air            0%         2d(0-16)  97%         4
 Summon Lightning Spire   Summ/Air       0%         N/A       98%         4
 Yara's Violent Unravell  Hex/Tmut       0%         3d3       100%        5
 Malign Gateway           Summ/Tloc      0%         N/A       100%        7
 Summon Horrible Things   Summ           0%         N/A       100%        8

Inventory:

Hand Weapons
 i - a +0 broad axe
Missiles
 l - 14 boomerangs
 m - 4 throwing nets {=f}
 o - 31 poisoned darts
 X - a curare-tipped dart {=f}
Armour
 a - a +0 animal skin
 t - the cursed +1 robe of Ashenzari's Prison (worn) {rN+ Int+2, Elem, Fort}
   (You found it on level 3 of the Dungeon)

   Int:       It affects your intelligence (+2).
   rN:        It protects you from negative energy.
   It has a curse which improves the following skills: Elements: Fire Magic, Ice
   Magic, Air Magic and Earth Magic.
   Fortitude: Armour and Shields.
 v - the cursed +0 cloak of the Cursed God (melded) {Comp, Elem}
   (You found it on level 3 of the Dungeon)

   It has a curse which improves the following skills: Companions: Summonings
   and Necromancy.
   Elements:  Fire Magic, Ice Magic, Air Magic and Earth Magic.
 E - the +0 chain mail of Too Many Cooks {+Blink Dex+2 SInv}
   (You found it in an ossuary)

   Dex:       It affects your dexterity (+2).
   SInv:      It lets you see invisible.
   +Blink:    It lets you blink.
 M - a +0 pair of boots
 N - the cursed +0 pair of boots of the Shattered Ennui (melded) {Bglg, Dev}
   (You found it on level 6 of the Dungeon)

   It has a curse which improves the following skills: Beguiling: Conjurations,
   Hexes and Translocations.
   Devices:   Evocations and Shapeshifting.
 P - the cursed +0 hat "Gnostic Incredulity" (melded) {Self, Melee}
   (You found it on level 7 of the Dungeon)

   It has a curse which improves the following skills: Introspection: Fighting
   and Spellcasting.
   Melee Combat: Short Blades, Long Blades, Axes, Maces & Flails, Polearms,
   Staves and Unarmed Combat.
 U - the cursed +0 pair of gloves of Supernal Understanding (melded) {Will+, Bglg, Melee}
   (You found it on level 8 of the Dungeon)

   Will:      It increases your willpower.
   It has a curse which improves the following skills: Beguiling: Conjurations,
   Hexes and Translocations.
   Melee Combat: Short Blades, Long Blades, Axes, Maces & Flails, Polearms,
   Staves and Unarmed Combat.
Jewellery
 f - a ring of protection from fire
 j - an amulet of the acrobat
 u - the ring of Pumy {rF+ SInv}
   (You found it on level 3 of the Dungeon)

   [ring of protection from fire]

   rF:        It protects you from fire.
   SInv:      It lets you see invisible.
 w - the cursed amulet "Shattered Together" (around neck) {Regen+, Melee, Dev}
   (You found it on level 3 of the Dungeon)

   [amulet of regeneration]

   Regen:     It increases your rate of health regeneration.
   It has a curse which improves the following skills: Melee Combat: Short
   Blades, Long Blades, Axes, Maces & Flails, Polearms, Staves and Unarmed
   Combat.
   Devices:   Evocations and Shapeshifting.
 F - a ring of fire
 R - an amulet of reflection
 S - the cursed ring of the Unyielding Gaze (right hand) {Str+6, Self, Fort}
   (You found it on level 3 of the Dungeon)

   [ring of strength]

   Str:       It affects your strength (+6).
   It has a curse which improves the following skills: Introspection: Fighting
   and Spellcasting.
   Fortitude: Armour and Shields.
 T - the cursed ring "Irritation of Ashenzari" (left hand) {AC+4, Alch, Elem}
   (You found it on level 3 of the Dungeon)

   [ring of protection]

   AC:        It affects your AC (+4).
   It has a curse which improves the following skills: Alchemy: Poison Magic and
   Transmutations.
   Elements:  Fire Magic, Ice Magic, Air Magic and Earth Magic.
 Z - a ring of wizardry
Talismans
 c - a beast talisman
Wands
 x - a wand of mindburst (2)
 G - a wand of digging (4)
 J - a wand of flame (8)
 V - a wand of paralysis (4)
Scrolls
 e - 2 scrolls of fear
 h - a scroll of poison
 k - a scroll of enchant weapon
 q - 3 scrolls of blinking
 s - 4 scrolls of revelation
 y - 2 scrolls of teleportation {@r2}
 z - a scroll of amnesia
 H - a scroll of fog
 I - a scroll of brand weapon
 K - a scroll of butterflies
 W - a scroll of enchant armour
Potions
 b - 3 potions of lignification
 d - 5 potions of mutation
 g - 4 potions of curing {@q1}
 n - 3 potions of degeneration
 p - 3 potions of might
 r - a potion of magic
 A - 2 potions of heal wounds {@q2}
 B - 3 potions of enlightenment
 C - a potion of attraction
 D - 4 potions of brilliance
 L - 2 potions of resistance
 O - a potion of ambrosia
 Q - a potion of invisibility

Dungeon Overview and Level Annotations

Branches:
Dungeon (9/15)             Temple (0/1) D:4         Ossuary (visited)
   Lair: D:8-11         Orc: D:9-12

Altars:
Ashenzari
Kikubaaqudgha
Okawaru
Ru
Xom
The Shining One

Shops:
D:1 !   D:5 *

Annotations:
D:4 Blork the orc, Ijyb
D:5 2 transporters, CraigForest's ghost, novice MiSh
D:6 Edmund
D:9 Erolcha

.#..........##)####.## #.#
.#..........#.)......# #.#
.#..........#..####..#####.##
.#....#.###.................#
.#....#.#####..####..#####..#
.............[..........##..#
..###..........(.###.#####..#
...............#####.#####..##
...............Yh............#
...............#####.#####..##
...........##..#####.#####..##
#.##........#..#.............#
#.##........#..#.###.#####.###
#.##........#..#.# #.# #.#
............#..#.###.# #.#
.......###.##........# #.#
#..............#.##### #.#


You could see a catoblepas (very poisoned).


Message History

The catoblepas is lightly wounded.
Unknown command.
You pummel the catoblepas!!
The catoblepas is moderately wounded.
The catoblepas gores you!
You hit the catoblepas but do no damage.
The catoblepas is moderately wounded.
The catoblepas gores you but does no damage.
Aiming: Mindburst
Press: ? - help, Shift-Dir - straight line, f/p - catoblepas
Aim: a catoblepas (moderately wounded, very poisoned, chance to affect: 18%)
Okay, then.
You punch the catoblepas!
The catoblepas is heavily wounded.
The catoblepas gores you!!
Okay, then.
Okay, then.
The catoblepas gores you!
* * * LOW HITPOINT WARNING * * *
You climb upwards.
There is a stone staircase leading down here.
Unknown command.
You pummel the catoblepas!!
The catoblepas is severely wounded.
The catoblepas gores you!!
* * * LOW HITPOINT WARNING * * *
You barely miss the catoblepas.
The catoblepas is severely wounded.
The catoblepas gores you!!
You die...

Skill      XL: |  1  2  3  4  5  6  7  8  9 10 11 |
---------------+----------------------------------+-----
Stealth        | 1 3 |  3.0
Fighting       | 2 3 5 6 7 |  7.8
Shapeshifting  | 5 6 7 |  7.9
Unarmed Combat | 4 6 |  6.0
Dodging        | 3 4 7 9 |  9.1
Evocations     | 2 3 |  3.0
Throwing       | 2 |  2.0
Armour         | 4 8 |  8.3
Translocations | |  0.2

Action                     |  1- 3 |  4- 6 |  7- 9 | 10-12 || total
---------------------------+-------+-------+-------+-------++-------
  Melee: Unarmed           |   100 |   165 |   328 |   279 ||   872
         Punch             |     2 |     3 |     7 |    14 ||    26
         Tailslap          |       |       |     1 |     1 ||     2
  Throw: Dart              |       |       |     2 |     7 ||     9
 Invoke: Curse Item        |       |     1 |     4 |     3 ||     8
Ability: Begin Untransform |       |       |     2 |     2 ||     4
  Evoke: Wand              |       |       |     7 |     3 ||    10
    Use: Scroll            |       |       |       |     1 ||     1
   Stab: Sleeping          |     1 |     4 |     7 |     1 ||    13
         Distracted        |       |       |     2 |       ||     2
         Held in net/web   |       |       |     1 |       ||     1
 Armour: Animal skin       |     8 |       |       |       ||     8
         Robe              |       |    47 |    64 |    61 ||   172
  Dodge: Dodged            |    92 |   111 |   227 |   227 ||   657
   Form: Beast             |     1 |       |     1 |     3 ||     5
                           |     1 |       |       |       ||     1

Levels and vault maps discovered:
D:1:      lightli_arrival_noodles, layout_rooms, serial_shops, shop,
          feat_on_display
D:2:      layout_rooms
D:3:      layout_basic, mainiacjoe_overflow_paths,
          mainiacjoe_overflow_boulevard, shapermc_ecumenical_altar_pompeii,
          uniq_natasha
D:4:      layout_gridville, minmay_temple_entry_tees, enter_ossuary_3,
          minmay_snake_closets, uniq_ijyb, uniq_blork_the_orc, uniq_eustachio
D:5:      lemuel_castle_with_subvaults [lemuel_castle_interior_carwin_2],
          layout_loops_cross, gammafunk_ghost_arena,
          nicolae_shop_sticking_my_neck_out
D:6:      layout_basic, hellmonk_okawaru_the_only_friend_you_need,
          minmay_diced_spiral, uniq_edmund
D:7:      layout_loops_ring, kennysheep_generic_room_15
D:8:      layout_basic, amcnicky_altar_gilded, mainiacjoe_overflow_24_doors,
          minmay_manual_mess
D:9:      minmay_the_grid_octo_2x2 [minmay_the_grid_octo_concentric,
          minmay_the_grid_octo_fan_narrow, minmay_the_grid_octo_checkered,
          minmay_the_grid_octo_prize_square_snowflake], layout_rooms,
          marbit_many_paths, gammafunk_temple_overflow_claw, serial_shops, shop,
          minivault_19, uniq_pikel, uniq_erolcha

Notes
Turn   | Place    | Note
-------+----------+-------------------------------------------
     0 | D:1      | Jackthecabe the Merfolk Shapeshifter began the quest for
                  | the Orb.
     0 | D:1      | Reached XP level 1. HP: 15/15 MP: 1/1
    59 | D:1      | Reached skill level 1 in Stealth
   126 | D:1      | Reached XP level 2. HP: 22/22 MP: 2/2
   148 | D:1      | Reached skill level 2 in Fighting
   230 | D:1      | Found Neggyg's Distillery.
   283 | D:1      | Bought a potion of curing for 42 gold pieces
   511 | D:2      | Reached XP level 3. HP: 28/28 MP: 3/3
   517 | D:2      | Reached skill level 3 in Fighting
  1102 | D:3      | Reached XP level 4. HP: 35/35 MP: 4/4
  1145 | D:3      | Identified the +1 robe of Arotocw {rN+ Int+2}
  1174 | D:3      | Found a broken altar of Ashenzari.
  1232 | D:3      | Reached skill level 5 in Shapeshifting
  1237 | D:3      | Identified the ring of Pumy {rF+ SInv}
  1254 | D:3      | Became a worshipper of Ashenzari the Shackled
  1384 | D:3      | Found a shimmering altar of Xom.
  1395 | D:3      | Noticed Natasha
  1437 | D:2      | Reached skill level 4 in Unarmed Combat
  1437 | D:2      | Reached skill level 3 in Dodging
  1437 | D:2      | Reached XP level 5. HP: 35/41 MP: 5/5
  1447 | D:3      | Killed Natasha
  1448 | D:3      | Reached skill level 4 in Dodging
  1490 | D:3      | Noticed a centaur
  1682 | D:3      | Found a faded altar of an unknown god.
  1824 | D:3      | Noticed Natasha
  1834 | D:3      | Killed Natasha
  1928 | D:3      | Killed a centaur
  1929 | D:3      | Reached skill level 6 in Shapeshifting
  1929 | D:3      | Reached XP level 6. HP: 21/47 MP: 6/6
  1988 | D:4      | Reached skill level 1 in Evocations
  2084 | D:4      | Found a staircase to the Ecumenical Temple.
  2095 | D:4      | Found a sand-covered staircase.
  2102 | Ossuary  | Entered an ossuary
  2208 | Ossuary  | Reached skill level 2 in Evocations
  2258 | Ossuary  | Reached XP level 7. HP: 46/54 MP: 7/7
  2287 | Ossuary  | Identified the +0 chain mail of Too Many Cooks {+Blink
                  | Dex+2 SInv}
  2348 | D:4      | Reached skill level 5 in Unarmed Combat
  2391 | D:4      | Reached skill level 2 in Stealth
  2422 | D:4      | Reached * piety under Ashenzari
  2422 | D:4      | Identified 2 potions of resistance
  2425 | D:4      | Noticed Blork the orc
  2597 | D:4      | Noticed Ijyb
  2768 | D:4      | Noticed Eustachio
  2772 | D:4      | Killed Eustachio
  2773 | D:4      | Reached skill level 6 in Unarmed Combat
  2773 | D:4      | Reached skill level 3 in Stealth
  2778 | D:4      | Learned a level 4 spell: Passage of Golubria
  2779 | D:4      | Reached ** piety under Ashenzari
  3249 | D:4      | Reached XP level 8. HP: 61/61 MP: 8/8
  3426 | D:5      | Entered Level 5 of the Dungeon
  3426 | D:5      | Noticed a wraith
  3426 | D:5      | Noticed a yak
  3428 | D:5      | Noticed a yak
  3436 | D:4      | Killed a wraith
  3437 | D:4      | Reached skill level 7 in Shapeshifting
  3437 | D:4      | Reached skill level 4 in Fighting
  3493 | D:4      | Reached skill level 5 in Fighting
  3520 | D:5      | Noticed a yak
  3520 | D:5      | Noticed a yak
  3534 | D:4      | Killed a yak
  3535 | D:4      | Reached skill level 3 in Evocations
  3535 | D:4      | Reached skill level 1 in Throwing
  3563 | D:5      | Noticed a yak
  3564 | D:5      | Noticed a yak
  3566 | D:5      | Noticed a yak
  3575 | D:4      | Killed a yak
  3576 | D:4      | Reached skill level 2 in Throwing
  3576 | D:4      | Reached skill level 5 in Dodging
  3607 | D:4      | Killed a yak
  3608 | D:4      | Reached skill level 6 in Dodging
  3668 | D:4      | Killed a yak
  3669 | D:4      | Reached skill level 7 in Dodging
  3669 | D:4      | Reached XP level 9. HP: 30/71 MP: 9/9
  3719 | D:4      | Reached skill level 8 in Dodging
  3760 | D:4      | Reached skill level 9 in Dodging
  3912 | D:5      | Reached skill level 6 in Fighting
  4013 | D:5      | Found a transporter.
  4029 | D:5      | Found a transporter.
  4101 | D:5      | Noticed CraigForest's ghost (novice MiSh)
  4141 | D:5      | Found Omuloirph's Neck Hole.
  4576 | D:5      | Reached *** piety under Ashenzari
  4607 | D:5      | Reached skill level 1 in Armour
  4669 | D:5      | Reached skill level 2 in Armour
  4934 | D:6      | Noticed Edmund
  4940 | D:6      | Reached skill level 3 in Armour
  5208 | D:6      | Reached skill level 4 in Armour
  5222 | D:6      | Identified the cursed +0 cloak of the Cursed God {Comp,
                  | Elem} (You found it on level 3 of the Dungeon)
  5244 | D:6      | Reached XP level 10. HP: 82/82 MP: 10/10
  5277 | D:6      | Reached **** piety under Ashenzari
  5292 | D:6      | Reached skill level 5 in Armour
  5365 | D:6      | Found an iron altar of Okawaru.
  5928 | D:7      | Identified the cursed +0 pair of boots of the Shattered
                  | Ennui {Bglg, Dev} (You found it on level 6 of the Dungeon)
  6229 | D:7      | Reached skill level 6 in Armour
  6691 | D:8      | Found a glowing golden altar of the Shining One.
  6922 | D:8      | Identified the +0 pair of gloves "Wiucin" {Will+}
  6933 | D:8      | Identified the cursed +0 hat "Gnostic Incredulity" {Self,
                  | Melee} (You found it on level 7 of the Dungeon)
  6939 | D:8      | Reached ***** piety under Ashenzari
  6967 | D:8      | Reached skill level 7 in Armour
  7078 | D:8      | Found an ancient bone altar of Kikubaaqudgha.
  7720 | D:9      | Noticed a kobold demonologist
  7891 | D:9      | Noticed an orange demon
  7895 | D:8      | Killed a kobold demonologist
  8042 | D:9      | Noticed a tengu warrior
  8042 | D:9      | Noticed a cyan ugly thing
  8042 | D:9      | Noticed Erolcha
  8068 | D:9      | Killed a tengu warrior
  8069 | D:9      | Reached skill level 8 in Armour
  8069 | D:9      | Reached XP level 11. HP: 89/89 MP: 11/11
  8115 | D:9      | Found a sacrificial altar of Ru.
  8210 | D:9      | Reached skill level 7 in Fighting
  8334 | D:9      | Noticed a catoblepas
  8339 | D:9      | Noticed a manticore
  8352 | D:9      | HP: 1/90 [catoblepas (32)]
  8441 | D:8      | Slain by a catoblepas

Vanquished Creatures
  A tengu warrior (D:9)
  A rime drake (shapeshifter) (D:9)
  A kobold demonologist (D:8)
  2 wyverns (D:8)
  A wraith (D:4)
  12 yaks
  Eustachio (D:4)
  A steam dragon (D:8)
  5 water moccasins
  2 sky beasts
  4 centaurs
  3 ogres
  5 kobold brigands
  4 bullfrogs
  2 gnoll sergeants
  4 scorpions
  2 water moccasin zombies (Ossuary)
  8 wights
  2 electric eels (D:8)
  6 howler monkeys
  6 hounds
  3 jellies
  4 gnoll boudas
  4 orc priests
  A sleepcap (D:5)
  2 iguanas
  Natasha (twice) (D:3)
  5 orc wizards
  2 mummies (Ossuary)
  35 gnolls
  15 adders
  A white imp (D:7)
  6 adder zombies (Ossuary)
  A worm (D:2)
  A dart slug (D:1)
  50 orcs
  7 bats
  6 endoplasms
  3 giant cockroaches
  4 gnoll zombies (Ossuary)
  6 goblins
  4 hobgoblins
  17 jackals
  4 quokkas
  16 ball pythons
  4 frilled lizards
  3 hobgoblin zombies (Ossuary)
  A jackal zombie (D:4)
  11 kobolds
  4 kobold zombies (Ossuary)
  6 orc zombies (Ossuary)
  6 rats
307 creatures vanquished.

Table legend: (Time is in decaauts)
 A = Elapsed time spent in this place.
 B = Non-inter-level travel time spent in this place.
 C = Inter-level travel time spent in this place.
 D = Time resting spent in this place.
 E = Time spent auto-exploring this place.
 F = Levels seen in this place.
 G = Mean time per level.
                   A        B        C        D        E       F      G
               +--------+--------+--------+--------+--------+-----+--------+
         Total |   8314 |   7915 |    399 |   1139 |   4382 |  10 |  831.4 |
       Dungeon |   8120 |   7721 |    399 |   1139 |   4327 |   9 |  902.2 |
       Ossuary |    194 |    194 |      0 |      0 |     55 |   1 |  194.0 |
               +--------+--------+--------+--------+--------+-----+--------+

Top non-repeatable levels by time:
     D:4: 1589 daAuts
     D:8: 1289 daAuts
     D:5: 1091 daAuts
     D:6: 930 daAuts
     D:3: 867 daAuts
     D:7: 860 daAuts
     D:2: 602 daAuts
     D:1: 494 daAuts
     D:9: 394 daAuts
 Ossuary: 194 daAuts

Table legend:
 A = Non-vault XP
 B = Vault XP
 C = Vault XP percentage of total XP
 D = Non-vault monster count
 E = Vault monster count
 F = Vault count percentage of total count
                 A         B        C        D         E       F
            +---------+---------+-------+---------+---------+-------
      Total |    8274 |    3204 |  27.9 |     200 |     107 |  34.9
            +---------+---------+-------+---------+---------+-------
        D:1 |      33 |       0 |   0.0 |      21 |       0 |   0.0
        D:2 |      90 |       0 |   0.0 |      23 |       0 |   0.0
        D:3 |     207 |      35 |  14.5 |      15 |       1 |   6.2
        D:4 |    2012 |     281 |  12.3 |      32 |      12 |  27.3
        D:5 |     471 |     623 |  56.9 |       6 |      51 |  89.5
        D:6 |    1007 |     185 |  15.5 |      34 |       5 |  12.8
        D:7 |    1253 |      10 |   0.8 |      37 |       1 |   2.6
        D:8 |    1906 |     364 |  16.0 |      23 |       6 |  20.7
        D:9 |    1295 |    1463 |  53.0 |       9 |       4 |  30.8
    Ossuary |       0 |     243 | 100.0 |       0 |      27 | 100.0
            +---------+---------+-------+---------+---------+-------
